 Dungeon Crawl Stone Soup version 0.31-a0-986-g5e6e4ef867 (webtiles) character file.

Game seed: 6922600757747492309

18113 Naiya55 the Severer (level 12, -12/84 (94) HPs)
             Began as a Formicid Fighter on Nov 3, 2023.
             Was a High Priest of Okawaru.
             Mangled by a pharaoh ant (16 damage)
             ... on level 1 of the Lair of Beasts.
             The game lasted 00:32:16 (15325 turns).

Naiya55 the Severer (Formicid Fighter)             Turns: 15325, Time: 00:32:16

HP:   -12/84 (94)   AC: 20    Str: 25    XL:     12   Next: 91%
MP:   16/16         EV: 22    Int:  9    God:    Okawaru [*****.]
Gold: 2607          SH:  6    Dex: 13    Spells: 11/11 levels left

rFire   . . .        a - +2 executioner's axe (flame)
rCold   + . .        c - +0 buckler
rNeg    . . .        x - +0 plate armour
rPois   .            (helmet unavailable)
rElec   .            s - +2 cloak
rCorr   +            C - +2 pair of gloves
SInv    +            (no boots)
Will    +....        p - amulet of the acrobat Stlth
                     z - ring of protection from cold
HPRegen 0.34/turn    h - ring of resist corrosion
MPRegen 0.15/turn

%: acrobat
@: acrobatic, heavily drained
A: permanent stasis, dig shafts and tunnels, antennae 3, four strong arms
a: Dig, Shaft Self, Renounce Religion, Heroism, Finesse, Duel


You were on level 1 of the Lair of Beasts.
You worshipped Okawaru.
Okawaru was extremely pleased with you.
You visited 3 branches of the dungeon, and saw 13 of its levels.
You also visited: Ossuary.

You collected 2687 gold pieces.
You spent 80 gold pieces at shops.

Inventory:

Hand Weapons
 a - a +2 executioner's axe of flaming (weapon)
 b - a +0 shortbow
Missiles
 q - 4 throwing nets
 u - 2 atropa-tipped darts
Armour
 c - a +0 buckler (worn)
 s - a +2 cloak (worn)
 x - a +0 plate armour (worn)
 C - a +2 pair of gloves (worn)
Jewellery
 h - a ring of resist corrosion (right hand)
 p - an amulet of the acrobat (around neck)
 z - a ring of protection from cold (left hand)
Wands
 j - a wand of flame (10)
 t - a wand of iceblast (25)
Scrolls
 f - 2 scrolls of identify
 i - 5 scrolls of noise
 k - 6 scrolls of poison
 m - 4 scrolls of immolation
 o - a scroll of fear
 r - 4 scrolls of fog
 y - a scroll of revelation
Potions
 d - a potion of might
 e - 4 potions of invisibility
 g - 3 potions of brilliance
 l - 2 potions of mutation
 n - a potion of cancellation
 v - 4 potions of curing
 w - a potion of degeneration {unknown}
 D - 3 potions of haste
 G - 7 potions of heal wounds


   Skills:
 - Level 8.9 Fighting
 + Level 15.8 Axes
 - Level 8.7 Armour
 - Level 7.5 Shields
 - Level 6.2 Invocations


You had 11 spell levels left.
You didn't know any spells.
Your spell library contained the following spells:

 Spells                   Type           Power      Damage    Failure   Level
 Magic Dart               Conj           0%         1d3       99%         1
 Ensorcelled Hibernation  Hex/Ice        0%         N/A       100%        2
 Passwall                 Tmut/Erth      0%         N/A       100%        2
 Searing Ray              Conj           0%         2d4       100%        2
 Dimensional Bullseye     Hex/Tloc       0%         N/A       100%        4
 Fulminant Prism          Conj/Hex       0%         3d5       100%        4
 Iskenderun's Mystic Bla  Conj/Tloc      0%         2d3       100%        4
 Borgnjor's Vile Clutch   Necr/Erth      0%         N/A       100%        5
 Swiftness                Air            Unusable   N/A       N/A         3
 Tukima's Dance           Hex            Unusable   N/A       N/A         3
 Animate Dead             Necr           Unusable   N/A       N/A         4
 Death Channel            Necr           Unusable   N/A       N/A         6

Dungeon Overview and Level Annotations

Branches:
Dungeon (10/15)            Temple (1/1) D:4            Lair (2/5) D:8
  Swamp (0/4) Lair:2       Spider (0/4) Lair:2      Ossuary (visited)
    Orc: D:9-12

Altars:
Ashenzari
Cheibriados
Dithmenos
Elyvilon
Fedhas
Gozag
Hepliaklqana
Kikubaaqudgha
Makhleb
Nemelex Xobeh
Okawaru
Qazlal
Ru
Sif Muna
Trog
Uskayaw
Vehumet
Wu Jian
Xom
Yredelemnul
Zin
The Shining One

Shops:
D:6 *   D:7 !

Annotations:
D:3 2 runed translucent doors, GreenGuy14's ghost, amateur GnSh
D:10 Lodul; Nergalle


Innate Abilities, Weirdness & Mutations

You cannot be hasted, slowed, berserked, paralysed or teleported.
You can dig through walls and to a lower floor.
You have a pair of large antennae on your head. (SInv)
Your four strong arms can wield two-handed weapons with a shield.


Message History

The scorpion attacks as it pursues you! You block the scorpion's attack.
The pharaoh ant bites the fungus!!
A nearby plant withers and dies.
You block the scorpion's attack.
A nearby fungus withers and dies.
The water moccasin attacks as it pursues you!
The water moccasin bites you.
* * * LOW HITPOINT WARNING * * *
You are poisoned.
The water moccasin poisons you!
You feel very sick.
The water moccasin completely misses you.
You feel very sick.
You feel sick.
The water moccasin attacks as it pursues you!
The water moccasin bites you.
* * * LOW HITPOINT WARNING * * *
You feel sick.
The pharaoh ant attacks as it pursues you!
The pharaoh ant closely misses you. The water moccasin barely misses you.
You feel sick. The pharaoh ant closely misses you.
You feel sick.
The water moccasin bites you but does no damage.
You feel sick.
The water moccasin attacks as it pursues you!
The water moccasin barely misses you.
There is an escape hatch in the ceiling here.
You feel sick.
The water moccasin bites you but does no damage.
You block the pharaoh ant's attack. A mysterious force pulls you upwards.
The hatch slams shut behind you.
You feel sick.
You feel sick.
You are no longer poisoned.
The water moccasin attacks as it pursues you!
You block the water moccasin's attack. The water moccasin closely misses you.
The pharaoh ant attacks as it pursues you!
The pharaoh ant completely misses you.
The water moccasin attacks as it pursues you!
You block the water moccasin's attack. The pharaoh ant bites you!
You die...

#.............###..###.#########.
#................................
##..####...##P...................
#### #######...................
#...................
###...................
#.....................
##..##BS...............
##8..8#@................
#.......................
#.......................
##8..8################## ##..##
####


You could see a pharaoh ant and a water moccasin.

Vanquished Creatures
  A boulder beetle (Lair:1)
  A necromancer (D:9)
  A manticore (D:7)
  2 cyclopes (D:7)
  3 elephants (Lair:2)
  A kobold demonologist (D:9)
  7 cane toads
  A rime drake (Lair:2)
  A komodo dragon (Lair:1)
  2 trolls
  A polar bear (Lair:1)
  4 blink frogs
  Grinder (D:4)
  A slime creature (D:7)
  A spriggan (Lair:2)
  2 shadows (D:9)
  Eustachio (D:6)
  2 wyverns
  A wraith (D:10)
  9 yaks
  7 vampire mosquitoes (Lair:1)
  A steam dragon (D:8)
  An acid dragon (D:7)
  5 orc warriors
  10 water moccasins
  A black bear (D:7)
  2 ice beasts (D:7)
  9 ogres
  4 centaurs
  A phantom (D:7)
  A kobold brigand (D:9)
  6 scorpions
  11 bullfrogs
  2 gnoll sergeants
  9 wights
  7 killer bees
  2 howler monkeys
  3 centaur zombies (Ossuary)
  7 electric eels
  8 orc priests
  8 hounds
  A jelly (D:8)
  An iron imp (D:3)
  Crazy Yiuf (D:4)
  A gnoll bouda (D:7)
  5 iguanas
  11 orc wizards
  4 hell rats (Lair:1)
  6 mummies (Ossuary)
  Robin (D:4)
  16 gnolls
  7 adders
  3 white imps
  2 worms
  4 dart slugs
  23 orcs
  7 ball pythons
  3 bats
  8 endoplasms
  7 giant cockroaches
  4 hobgoblins
  2 quokkas
  3 frilled lizards
  16 goblins
  6 hobgoblin zombies (Ossuary)
  13 kobolds
  3 rats (D:1)
306 creatures vanquished.

Vanquished Creatures (others)
  An orc wizard (D:7)
  A shadow imp (D:7)
2 creatures vanquished.

Grand Total: 308 creatures vanquished

Notes
Turn   | Place    | Note
-------+----------+-------------------------------------------
     0 | D:1      | Naiya55 the Formicid Fighter began the quest for the Orb.
     0 | D:1      | Reached XP level 1. HP: 18/18 MP: 1/1
    62 | D:1      | Found a faded altar of an unknown god.
   333 | D:1      | Reached XP level 2. HP: 22/24 MP: 2/2
   944 | D:2      | Reached XP level 3. HP: 30/30 MP: 3/3
  1005 | D:2      | Reached skill level 3 in Axes
  1096 | D:2      | Reached XP level 4. HP: 29/37 MP: 4/4
  1595 | D:2      | Noticed an ogre
  1599 | D:2      | Killed an ogre
  1600 | D:2      | Reached skill level 4 in Axes
  1600 | D:2      | Reached XP level 5. HP: 38/43 MP: 5/5
  1974 | D:3      | Found a glowing golden altar of the Shining One.
  2039 | D:3      | Reached XP level 6. HP: 34/49 MP: 6/6
  2167 | D:3      | Found a snail-covered altar of Cheibriados.
  2182 | D:3      | Reached skill level 5 in Axes
  2313 | D:3      | Found a runed translucent door.
  2313 | D:3      | Noticed GreenGuy14's ghost (amateur GnSh)
  2374 | D:3      | Found a runed translucent door.
  2594 | D:4      | Found a staircase to the Ecumenical Temple.
  2642 | D:4      | Noticed Grinder
  2665 | D:4      | Found a shadowy altar of Dithmenos.
  2682 | D:4      | Killed Grinder
  2683 | D:4      | Reached skill level 5 in Fighting
  2683 | D:4      | Reached XP level 7. HP: 6/56 MP: 7/7
  2928 | D:4      | Reached skill level 6 in Axes
  3185 | D:4      | Found a runed translucent door.
  3186 | D:4      | Noticed Crazy Yiuf
  3192 | D:4      | Killed Crazy Yiuf
  3383 | Temple   | Entered the Ecumenical Temple
  3430 | Temple   | Became a worshipper of Warmaster Okawaru
  3537 | D:4      | Reached skill level 7 in Axes
  3537 | D:4      | Reached XP level 8. HP: 20/64 MP: 8/8
  3741 | D:4      | Noticed Robin
  3770 | D:4      | Killed Robin
  3844 | D:5      | Entered Level 5 of the Dungeon
  4193 | D:5      | Reached * piety under Okawaru
  4294 | D:5      | Identified the +5 whip "Yrecegh" {holy, Will++ Int+2
                  | Stlth-}
  4534 | D:5      | Found a broken altar of Ashenzari.
  4675 | D:5      | Reached skill level 8 in Axes
  4839 | D:6      | Noticed Eustachio
  5064 | D:6      | Killed Eustachio
  5065 | D:6      | Reached XP level 9. HP: 59/72 MP: 9/9
  5168 | D:5      | Reached skill level 9 in Axes
  5359 | D:6      | Found Biliguam's Assorted Antiques.
  5538 | D:6      | Found a hide-covered altar of Uskayaw.
  6017 | D:7      | Found Uzielex's Distillery.
  6022 | D:7      | Bought a potion of heal wounds for 50 gold pieces
  6022 | D:7      | Bought a potion of curing for 30 gold pieces
  6395 | D:7      | Reached ** piety under Okawaru
  6405 | D:7      | Reached skill level 5 in Armour
  6405 | D:7      | Reached skill level 5 in Shields
  7061 | D:7      | Reached XP level 10. HP: 75/80 MP: 10/10
  7170 | D:7      | Found a basalt altar of Yredelemnul.
  7240 | D:7      | Noticed a cyclops
  7308 | D:7      | Noticed a cyclops
  7342 | D:6      | Reached *** piety under Okawaru
  7504 | D:7      | Killed a cyclops
  7591 | D:7      | Reached skill level 1 in Invocations
  8116 | D:7      | Killed a cyclops
  8266 | D:7      | Noticed a manticore
  8294 | D:7      | Killed a manticore
  8294 | D:7      | Reached **** piety under Okawaru
  8295 | D:7      | Reached skill level 10 in Axes
  8408 | D:7      | HP: 2/82 [orc priest/+0 falchion (5)]
  9708 | D:8      | Reached XP level 11. HP: 85/87 MP: 13/13
  9762 | D:8      | Found a staircase to the Lair.
  9764 | D:8      | Found a sand-covered staircase.
  9769 | Ossuary  | Entered an ossuary
 10158 | D:8      | Found a shimmering altar of Xom.
 10343 | D:9      | Reached skill level 11 in Axes
 10567 | D:9      | Found a hazy altar of Hepliaklqana.
 10568 | D:9      | Found a faded altar of an unknown god.
 10568 | D:9      | Found a faded altar of an unknown god.
 10584 | D:9      | Found an ornate altar of the Wu Jian Council.
 10753 | D:9      | Found an ancient bone altar of Kikubaaqudgha.
 11049 | D:9      | Noticed a necromancer
 11060 | D:9      | Killed a necromancer
 11061 | D:9      | Reached skill level 5 in Invocations
 11258 | D:9      | Found a blossoming altar of Fedhas.
 11299 | D:9      | Found a white marble altar of Elyvilon.
 11319 | D:9      | Reached ***** piety under Okawaru
 11629 | D:9      | Reached skill level 12 in Axes
 11688 | D:10     | Entered Level 10 of the Dungeon
 11703 | D:10     | Noticed Nergalle
 11895 | D:10     | Found the +0 toga "Victory" {*Victory Clar}
 12058 | D:10     | Noticed a boulder beetle
 12135 | D:10     | Noticed Lodul
 12460 | Lair:1   | Entered Level 1 of the Lair of Beasts
 12537 | D:8      | Identified 3 scrolls of acquirement
 12537 | D:8      | Acquired 1139 gold pieces
 12546 | D:8      | Acquired a +2 executioner's axe of flaming
 12557 | D:8      | Acquired 752 gold pieces
 12802 | Lair:1   | Noticed a boulder beetle
 12812 | Lair:1   | Reached skill level 13 in Axes
 12813 | Lair:1   | Reached XP level 12. HP: 27/94 MP: 8/16
 12816 | Lair:1   | Killed a boulder beetle
 12816 | Lair:1   | Received a gift from Okawaru
 13415 | Lair:1   | Reached skill level 14 in Axes
 13637 | Lair:1   | Identified the +0 dagger of Offence {flame, rN+ MP+9 Str+3}
 14137 | Lair:2   | Found a staircase to the Swamp.
 14620 | Lair:2   | Reached skill level 15 in Axes
 14818 | Lair:2   | Received a gift from Okawaru
 15282 | Lair:2   | Found a hole to the Spider Nest.
 15282 | Lair:2   | Noticed a pharaoh ant
 15324 | Lair:1   | HP: 4/84 [poisoned by a water moccasin]
 15325 | Lair:1   | Mangled by a pharaoh ant

Illustrated notes

Levels and vault maps discovered:
D:1:      nicolae_arrival_somewhat_less_tricky_arrival, layout_loops_ring,
          shapermc_ecumenical_altar_venn, minmay_misc_feat_pillars,
          moated_statue
D:2:      minmay_thinvault, layout_basic
D:3:      layout_loops_ring, slow_altar_2, overflow_temple_1_default,
          ebering_ghost_sewer_f
D:4:      layout_rooms, mainiacjoe_overflow_alcove_1,
          minmay_temple_entry_statues, serial_bayou_pond_e,
          uniq_crazy_yiuf_cottage, uniq_grinder, uniq_robin
D:5:      layout_loops_cross, mainiacjoe_overflow_alcove_4
D:6:      layout_cave_pods, eat_drink_and_be_merry_uskayaw, serial_shops, shop,
          uniq_eustachio
D:7:      nzn_winding_woodlands_large [nzn_winding_woodlands_5x5_three,
          nzn_winding_woodlands_5x15_river_crossing,
          nzn_winding_woodlands_5x5_open_star,
          nzn_winding_woodlands_center_triple_pond,
          nzn_winding_woodlands_15x15_eel_pit,
          nzn_winding_woodlands_center_garden, nzn_winding_woodlands_5x5_cross,
          nzn_winding_woodlands_5x15_sawtooth,
          nzn_winding_woodlands_5x5_closed_star], layout_layer_cave,
          nicolae_overflow_hidden_temple, serial_shops, nicolae_shop_peninsula
D:8:      layout_rooms, kennysheep_mini_moat, lair_entry_dummy, enter_ossuary_2
D:9:      layout_long_grid, elyvilon_altar_4,
          mainiacjoe_overflow_six_doors_small,
          nicolae_hepliaklqana_ecumenical_no_more, nicolae_wu_jian_wuxing_cycle,
          fedhas_altar_fruit_tree, minmay_librarian
D:10:     layout_cave_pools, serial_gnoll_camp, gnoll_camp_mini_shop,
          gnoll_camp_huts_basic, gnoll_camp_mini_loothouse, gnoll_camp_mini_hut,
          uniq_lodul, uniq_nergalle, uniq_erolcha
Temple:   dpeg_chambers_temple
Lair:1:   layout_gridlike, st_stairs_6, grunt_megastairs_5,
          infiniplex_staircase_pool, serial_bayou_shore_a
Lair:2:   kb_forest_paths, layout_chaotic_city, minmay_swamp_entry_swarm,
          nicolae_spider_entry_lesser_pyramids

Skill      XL: |  1  2  3  4  5  6  7  8  9 10 11 12 |
---------------+-------------------------------------+-----
Axes           | 3 4 5 7 8 9 10 13 15 | 15.8
Fighting       | 4 5 6 7 8 |  8.9
Armour         | 6 8 |  8.7
Shields        | 6 7 |  7.5
Invocations    | 2 6 |  6.2

Action                     |  1- 3 |  4- 6 |  7- 9 | 10-12 || total
---------------------------+-------+-------+-------+-------++-------
  Melee: War axe           |    64 |   123 |   357 |   159 ||   703
         Battleaxe         |       |       |       |   224 ||   224
         Executioner's axe |       |       |       |   175 ||   175
 Invoke: Heroism           |       |       |       |     3 ||     3
         Finesse           |       |       |       |     1 ||     1
    Use: Potion            |       |       |     3 |     4 ||     7
         Scroll            |       |       |     4 |    17 ||    21
 Armour: Scale mail        |    38 |    68 |   103 |       ||   209
         Plate armour      |       |       |   259 |   641 ||   900
  Dodge: Dodged            |    18 |    52 |   206 |   311 ||   587
  Block: Buckler           |    18 |    29 |   122 |   175 ||   344

Table legend: (Time is in decaauts)
 A = Elapsed time spent in this place.
 B = Non-inter-level travel time spent in this place.
 C = Inter-level travel time spent in this place.
 D = Time resting spent in this place.
 E = Time spent auto-exploring this place.
 F = Levels seen in this place.
 G = Mean time per level.
                   A        B        C        D        E       F      G
               +--------+--------+--------+--------+--------+-----+--------+
         Total |  15538 |  15088 |    450 |   3661 |   7676 |  14 | 1109.9 |
       Dungeon |  12456 |  12038 |    418 |   2497 |   6596 |  10 | 1245.6 |
        Temple |     69 |     69 |      0 |      0 |      0 |   1 |   69.0 |
          Lair |   2812 |   2780 |     32 |   1091 |   1024 |   2 | 1406.0 |
       Ossuary |    198 |    198 |      0 |     73 |     56 |   1 |  198.0 |
               +--------+--------+--------+--------+--------+-----+--------+

Top non-repeatable levels by time:
     D:7: 3505 daAuts
  Lair:1: 2174 daAuts
     D:9: 2107 daAuts
     D:6: 1264 daAuts
     D:4: 1248 daAuts
     D:5: 1012 daAuts
     D:2: 905 daAuts
     D:1: 855 daAuts
     D:3: 843 daAuts
  Lair:2: 638 daAuts
     D:8: 606 daAuts
 Ossuary: 198 daAuts
    D:10: 107 daAuts
  Temple: 69 daAuts
